 Dungeon Crawl Stone Soup version 0.23.2 (webtiles) character file.

Game seed: 14073964445343262103

1250 Borgoz the Cutter (level 8, 0/76 HPs)
             Began as a Kobold Gladiator on Apr 10, 2019.
             Was an Initiate of Ashenzari.
             Slain by a worker ant zombie (1 damage)
             ... on level 6 of the Dungeon.
             The game lasted 00:13:22 (4163 turns).

Borgoz the Cutter (Kobold Gladiator)                Turns: 4163, Time: 00:13:23

Health: 0/76       AC: 24    Str: 14 (16) XL:     8   Next: 80%
Magic:  8/8        EV:  3    Int:  9      God:    Ashenzari [......]
Gold:   307        SH:  0    Dex: 20      Spells: 7/7 levels left

rFire    . . .     SeeInvis +   b - +1 dagger (venom)
rCold    . . .     Gourm    .   (shield restricted)
rNeg     + + +     Faith    .   (armour currently unavailable)
rPois    +         Spirit   .   (helmet currently unavailable)
rElec    .         Reflect  .   (cloak currently unavailable)
rCorr    .         Harm     .   (gloves currently unavailable)
MR       .....     NoTele   +   (boots currently unavailable)
Stlth    ++........             q - amulet of the acrobat
HPRegen  0.22/turn              w - ring of see invisible
MPRegen  0.11/turn              u - +4 ring of dexterity

@: tree-form
A: small, carnivore, deterioration 1, strong 1
a: Curse Item, Renounce Religion


You were on level 6 of the Dungeon.
You worshipped Ashenzari.
Ashenzari was noncommittal.
You were very full.
You were a tree.
You visited 1 branch of the dungeon, and saw 6 of its levels.

You collected 307 gold pieces.

Inventory:

Hand Weapons
 a - a +1 rapier
 b - a +1 dagger of venom (weapon)
Missiles
 e - 53 bolts
 v - 5 tomahawks (quivered)
Armour
 c - a +0 helmet (melded)
 h - a +1 scale mail (melded)
 r - a scarf of cloud immunity (melded)
Jewellery
 l - an uncursed ring of magical power
 q - an amulet of the acrobat (around neck)
 t - a +2 ring of intelligence
 u - a +4 ring of dexterity (right branch)
 w - a ring of see invisible (left branch)
Scrolls
 g - a scroll of noise {unknown}
 j - 3 scrolls of remove curse
 k - 2 scrolls of teleportation
 m - 3 scrolls of amnesia
 n - a scroll of fog
Potions
 x - 2 potions of cancellation
Comestibles
 f - 3 rations


   Skills:
 + Level 5.8 Fighting
 + Level 7.6 Short Blades
 - Level 2.1 Throwing
 + Level 3.9 Armour
 + Level 7.0 Dodging


You had 7 spell levels left.
You didn't know any spells.
Your spell library was empty.

Dungeon Overview and Level Annotations

Branches:
Dungeon (6/15)
 Temple: D:4-7

Altars:
Ashenzari
Hepliaklqana
Qazlal
Vehumet

Shops:
D:4 :   D:5 (

Annotations:
D:4 1 runed translucent door, Crazy Yiuf
D:5 Dowan, Duvessa, Ijyb


Innate Abilities, Weirdness & Mutations

You are small and have problems with some larger weapons.
You are carnivorous and can eat meat at any time.
Your body sometimes deteriorates upon taking damage.
Your muscles are strong. (Str +2)


Message History

The worker ant zombie bites you but does no damage.
The hound skeleton bites you but does no damage.
Okay, then.
You hit the worker ant zombie but do no damage.
The worker ant zombie is heavily damaged.
The gnoll hits you from afar with a cursed -1 halberd!
* * * LOW HITPOINT WARNING * * *
You hit the worker ant zombie but do no damage.
The worker ant zombie is heavily damaged.
The hound skeleton bites you but does no damage.
The worker ant zombie bites you but does no damage.
You hit the worker ant zombie.
The worker ant zombie is heavily damaged.
The hound skeleton bites you but does no damage.
The gnoll barely misses you.
Unknown command.
You hit the worker ant zombie but do no damage.
The worker ant zombie is heavily damaged.
The worker ant zombie bites you.
You die...

############ ######
#.)Z♣.#....# ##.(...
#.##Z##.##.####...(#
#.##g....#.......#.#
#....#.#.######.##.##
........................>..
.Z...............#.........
..............##.#.........
......Z........ .#.........
g...........#..#.#######.##


You could see a gnoll, a worker ant zombie and a hound skeleton.

Vanquished Creatures
  Pikel (D:4)
  Sigmund (D:4)
  Eustachio (D:4)
  A slave (D:4)
  An ogre (D:6)
  A water moccasin skeleton (D:4)
  3 hounds
  An orc wizard (D:4)
  8 gnolls
  6 adders
  An ooze (D:6)
  2 adder skeletons
  9 worms
  2 leopard geckos
  4 orcs
  6 bats
  5 giant cockroaches
  3 goblins (D:2)
  10 hobgoblins
  12 jackals
  15 kobolds
  A quokka (D:2)
  A ball python (D:2)
  10 frilled lizards (D:1)
  8 rats
113 creatures vanquished.

Vanquished Creatures (others)
  A hound (D:4)
  A quokka (D:4)
2 creatures vanquished.

Grand Total: 115 creatures vanquished

Notes
Turn   | Place    | Note
-------+----------+-------------------------------------------
     0 | D:1      | Borgoz the Kobold Gladiator began the quest for the Orb.
     0 | D:1      | Reached XP level 1. HP: 12/12 MP: 1/1
    61 | D:1      | Reached XP level 2. HP: 12/18 MP: 2/2
   366 | D:1      | Reached XP level 3. HP: 21/22 MP: 3/3
   547 | D:1      | Reached skill level 1 in Armour
   901 | D:2      | Reached XP level 4. HP: 24/27 MP: 4/4
  1524 | D:2      | Reached XP level 5. HP: 27/32 MP: 5/5
  1699 | D:2      | Reached skill level 5 in Short Blades
  1714 | D:2      | Found a stormy altar of Qazlal.
  1760 | D:2      | Found a shattered altar of Ashenzari.
  2143 | D:2      | Became a worshipper of Ashenzari the Shackled
  2559 | D:3      | Reached XP level 6. HP: 34/37 MP: 6/6
  2631 | D:3      | Reached skill level 5 in Dodging
  3098 | D:4      | Noticed Eustachio
  3116 | D:4      | Killed Eustachio
  3116 | D:4      | Reached XP level 7. HP: 43/43 MP: 7/7
  3146 | D:4      | Noticed Sigmund
  3155 | D:4      | Killed Sigmund
  3179 | D:4      | Found Arphuunly's Book Shoppe.
  3465 | D:4      | Noticed Pikel
  3535 | D:4      | Killed Pikel
  3535 | D:4      | Reached skill level 5 in Fighting
  3535 | D:4      | Reached XP level 8. HP: 11/50 MP: 8/8
  3903 | D:4      | Found a hazy altar of Hepliaklqana.
  3962 | D:4      | Found a runed translucent door.
  3963 | D:4      | Noticed Crazy Yiuf
  3992 | D:5      | Entered Level 5 of the Dungeon
  3992 | D:5      | Found Wudil's Antique Weapon Emporium.
  3992 | D:5      | Noticed Duvessa
  3992 | D:5      | Noticed Dowan
  3992 | D:5      | Noticed Ijyb
  4011 | D:5      | Found a radiant altar of Vehumet.
  4133 | D:6      | Gained mutation: Your body sometimes deteriorates upon
                  | taking damage. [potion of mutation]
  4133 | D:6      | Gained mutation: Your muscles are strong. (Str +2) [potion
                  | of mutation]
  4160 | D:6      | HP: 1/76 [gnoll/cursed -1 halberd (7)]
  4163 | D:6      | Slain by a worker ant zombie

Skill      XL: |  1  2  3  4  5  6  7  8 |
---------------+-------------------------+-----
Dodging        | 4 5 6 7 |  7.0
Armour         | 1 2 3 |  3.9
Fighting       | 3 4 5 |  5.8
Short Blades   | 5 6 7 |  7.6
Throwing       | |  2.1

Action                   |  1- 3 |  4- 6 |  7- 9 || total
-------------------------+-------+-------+-------++-------
Melee: Rapier            |   129 |    69 |       ||   198
       Dagger            |       |   198 |   140 ||   338
Throw: Throwing net      |       |     1 |     4 ||     5
  Use: Potion            |     1 |     2 |     2 ||     5
       Scroll            |     1 |     4 |     6 ||    11
 Stab: Held in net/web   |       |       |     2 ||     2
  Eat: Chunk             |     9 |     7 |     2 ||    18
Armor: Leather armour    |     2 |    35 |     3 ||    40
       Scale mail        |    29 |    11 |     4 ||    44
       Skin              |       |       |    31 ||    31
Dodge: Dodged            |    97 |   205 |    83 ||   385
